 Dungeon Crawl Stone Soup version 0.29.1-2-gbd0b4ee654 (webtiles) character file.

Game seed: 12439456300783794713

116 sdfx the Vexing (level 5, -23/40 HPs)
             Began as a Gnoll Arcane Marksman on Nov 22, 2022.
             Killed from afar by an ophan (50 damage)
             ... with a bolt of fire
             ... on level 1 of the Abyss.
             The game lasted 00:18:14 (4055 turns).

sdfx the Vexing (Gnoll Arcane Marksman)             Turns: 4055, Time: 00:18:14

Health: -23/40     AC:  2    Str:  9    XL:     5   Next: 0%
Magic:  9/9        EV: 17    Int: 14    God:
Gold:   165        SH:  0    Dex: 13    Spells: 4/10 levels left

rFire   . . .      SeeInvis .   n - +0 spear
rCold   . . .      Faith    .   (no shield)
rNeg    . . .      Spirit   .   c - +0 robe
rPois   .          Reflect  .   (no helmet)
rElec   .          Harm     .   (no cloak)
rCorr   .          Rampage  .   (no gloves)
Will    .....                   (no boots)
Stlth   +.........              (no amulet)
HPRegen 0.13/turn               d - +4 ring of evasion
MPRegen 0.11/turn               j - ring of wizardry

@: glowing
A: fangs 1, strong nose, distributed training
a: no special abilities


You were on level 1 of the Abyss.
You visited 1 branch of the dungeon, and saw 3 of its levels.
You visited the Abyss 1 time.

You collected 165 gold pieces.

Inventory:

Hand Weapons
 a - a +1 sling
 n - a +0 spear (weapon)
Missiles
 o - 5 poisoned darts
 s - 5 boomerangs of dispersal
 u - 4 boomerangs
 x - a silver boomerang
Armour
 c - a +0 robe (worn)
 q - a +0 helmet
Magical Staves
 e - a staff of cold
Jewellery
 d - a +4 ring of evasion (left hand)
 j - a ring of wizardry (right hand)
 k - a +4 ring of evasion
Scrolls
 b - a scroll of poison
 g - 5 scrolls of identify {unknown}
 h - a scroll of vulnerability {unknown}
 i - a scroll of summoning {unknown}
 l - 2 scrolls of noise {unknown}
 p - a scroll of magic mapping {unknown}
Potions
 f - 2 potions of heal wounds {unknown}
 m - a potion of mutation {unknown}
 r - a potion of resistance {unknown}
 t - a potion of haste {unknown}
 v - 2 potions of degeneration {unknown}
 w - a potion of curing {unknown}


   Skills:
 + Level 2.9 Fighting
 + Level 1.3 Short Blades
 + Level 1.3 Long Blades
 + Level 1.3 Axes
 + Level 1.3 Maces & Flails
 + Level 1.3 Polearms
 + Level 1.3 Staves
 + Level 4.7 Ranged Weapons
 + Level 1.3 Throwing
 + Level 1.3 Armour
 + Level 4.7 Dodging
 + Level 1.3 Stealth
 + Level 1.3 Shields
 + Level 1.3 Unarmed Combat
 + Level 3.1 Spellcasting
 + Level 1.1 Conjurations
 + Level 5.5 Hexes
 + Level 1.1 Summonings
 + Level 1.1 Necromancy
 + Level 1.1 Translocations
 + Level 1.1 Transmutations
 + Level 1.1 Fire Magic
 + Level 1.1 Ice Magic
 + Level 1.1 Air Magic
 + Level 1.1 Earth Magic
 + Level 1.1 Poison Magic
 + Level 1.5 Invocations
 + Level 1.3 Evocations


You had 4 spell levels left.
You knew the following spells:

 Your Spells              Type           Power      Damage    Failure   Level
a - Slow                  Hex            68%        N/A       1%          1
b - Necrotise             Necr           20%        1d5       6%          1
c - Portal Projectile     Hex/Tloc       22%        N/A       6%          3
d - Magic Dart            Conj           20%        1d4       6%          1

Your spell library contained the following spells:

 Spells                   Type           Power      Damage    Failure   Level
 Inner Flame              Hex/Fire       11%        N/A       6%          3
 Call Imp                 Summ           5%         N/A       9%          2
 Cause Fear               Hex            8%         N/A       9%          4
 Mephitic Cloud           Conj/Pois/Air  5%         N/A       16%         3
 Vampiric Draining        Necr           5%         2d6       16%         3
 Agony                    Necr           5%         N/A       80%         5


Dungeon Overview and Level Annotations

Branches:
Dungeon (3/15)

Altars:
Elyvilon
Lugonu

Shops:
D:2 :

Portals:
Abyss: D:3


Innate Abilities, Weirdness & Mutations

You have very sharp teeth.
Your uncanny sense of smell can sniff out nearby items.
Your experience applies equally to all skills.


Message History

There is an open door here.
Found a large runed translucent door.
There is an open door here.
Found a pair of gloves.
You see here a +0 pair of gloves.
Found a corrupted altar of Lugonu.
You open the large door.
The kobold shouts!
You hear a shout!
There is a large open translucent door here.
You hit the kobold.
You kill the kobold!
You hit the kobold. You punch the kobold, but do no damage.
The kobold is heavily wounded.
The kobold barely misses you.
You completely miss the kobold.
The kobold is heavily wounded.
The kobold hits you but does no damage.
You blink.
You miss the kobold.
The kobold is heavily wounded.
The kobold hits you with a +0 dagger of distortion.
Space warps horribly around you!
You hit the kobold but do no damage. You punch the kobold, but do no damage.
You bite the kobold, but do no damage.
The kobold is heavily wounded.
The kobold hits you with a +0 dagger of distortion.
You are cast into the Abyss!
This branch contains the abyssal rune of Zot.
There is an open translucent door here.
You can't go down here!
You can't go up here!
You can't go down here!
There is an empty arch of ancient stone here.
There is nothing on the other side of the stone arch.
There is nothing on the other side of the stone arch.
An ophan comes into view.
The ophan turns its gaze towards you.
The ophan harnesses the cleansing power of fire!
The bolt of fire hits you!!!
Ouch! That really hurt!
You die...

# .. ..# # # ## #
#..## ## #.... .##
## .####..####.##
......#.....#...###
# #
.###..#....#.#.#.##
###
#..#....#..#..G...#
#.## #.##...####@#
.. ###.#.....# #..#
#......###......# .
##..#....# ..###.#
...##.###....# ##
.#..#.... . .##
#..#.#.. ...#.#
..##.## #.##.# .###
..# .


You could see an ophan.

Vanquished Creatures
  Robin (D:3)
  3 gnolls (D:3)
  An adder (D:3)
  A dart slug (D:3)
  3 orcs (D:3)
  5 endoplasms
  2 giant cockroaches (D:1)
  11 goblins
  6 hobgoblins
  3 quokkas
  A ball python (D:1)
  7 bats
  3 frilled lizards
  6 kobolds
  9 rats
62 creatures vanquished.

Notes
Turn   | Place    | Note
-------+----------+-------------------------------------------
     0 | D:1      | sdfx the Gnoll Arcane Marksman began the quest for the Orb.
     0 | D:1      | Reached XP level 1. HP: 17/17 MP: 4/4
    49 | D:1      | Learned a level 1 spell: Necrotise
   180 | D:1      | Reached XP level 2. HP: 23/23 MP: 5/5
  1108 | D:2      | Reached XP level 3. HP: 7/28 MP: 5/7
  1587 | D:2      | Found a white marble altar of Elyvilon.
  1600 | D:2      | Found Tilu's Book Shop.
  1912 | D:3      | Reached skill level 1 in Invocations
  2557 | D:2      | Learned a level 3 spell: Portal Projectile
  2682 | D:3      | Reached skill level 1 in Short Blades
  2682 | D:3      | Reached skill level 1 in Long Blades
  2682 | D:3      | Reached skill level 1 in Axes
  2682 | D:3      | Reached skill level 1 in Maces & Flails
  2682 | D:3      | Reached skill level 1 in Polearms
  2682 | D:3      | Reached skill level 1 in Staves
  2682 | D:3      | Reached skill level 1 in Throwing
  2682 | D:3      | Reached skill level 1 in Armour
  2682 | D:3      | Reached skill level 1 in Stealth
  2682 | D:3      | Reached skill level 1 in Shields
  2682 | D:3      | Reached skill level 1 in Unarmed Combat
  2682 | D:3      | Reached skill level 1 in Evocations
  2690 | D:3      | Noticed Robin
  2728 | D:3      | Killed Robin
  2729 | D:3      | Reached XP level 4. HP: 16/34 MP: 5/8
  3106 | D:3      | Reached skill level 1 in Conjurations
  3106 | D:3      | Reached skill level 1 in Summonings
  3106 | D:3      | Reached skill level 1 in Necromancy
  3106 | D:3      | Reached skill level 1 in Translocations
  3106 | D:3      | Reached skill level 1 in Transmutations
  3106 | D:3      | Reached skill level 1 in Fire Magic
  3106 | D:3      | Reached skill level 1 in Ice Magic
  3106 | D:3      | Reached skill level 1 in Air Magic
  3106 | D:3      | Reached skill level 1 in Earth Magic
  3106 | D:3      | Reached skill level 1 in Poison Magic
  3166 | D:3      | Learned a level 1 spell: Magic Dart
  3232 | D:3      | Found a one-way gate to the infinite horrors of the Abyss.
  3347 | D:3      | Noticed a golden eye
  3349 | D:3      | Found a faded altar of an unknown god.
  3351 | D:3      | Noticed a golden eye
  3351 | D:3      | Noticed a golden eye
  3351 | D:3      | Noticed a floating eye
  3883 | D:3      | Reached XP level 5. HP: 40/40 MP: 9/9
  3939 | D:3      | Found a large runed translucent door.
  3979 | D:3      | Found a large runed translucent door.
  3982 | D:3      | Found a corrupted altar of Lugonu.
  3992 | Abyss:1  | Cast into level 1 of the Abyss (kobold)
  4055 | Abyss:1  | Noticed an ophan
  4055 | Abyss:1  | Killed from afar by an ophan

Illustrated notes

Levels and vault maps discovered:
D:1:      psy_arrival_spokes, layout_loops_ring, feat_on_display
D:2:      layout_basic, basic_altar, serial_glass, glass_columns_a,
          glass_columns_c, serial_shops, nicolae_shop_waterfront
D:3:      due_chaos_kobolds, layout_loops_corners,
          hellmonk_ecumenical_altar_watching_god, minmay_quantized, uniq_robin
Abyss:1:  base:
D:1

Skill      XL: |  1  2  3  4 |
---------------+-------------+-----
Invocations    | 1 |  1.5
Short Blades   | 1 |  1.3
Long Blades    | 1 |  1.3
Axes           | 1 |  1.3
Maces & Flails | 1 |  1.3
Polearms       | 1 |  1.3
Staves         | 1 |  1.3
Throwing       | 1 |  1.3
Armour         | 1 |  1.3
Stealth        | 1 |  1.3
Shields        | 1 |  1.3
Unarmed Combat | 1 |  1.3
Evocations     | 1 |  1.3
Spellcasting   | 3 |  3.1
Conjurations   | 1 |  1.1
Summonings     | 1 |  1.1
Necromancy     | 1 |  1.1
Translocations | 1 |  1.1
Transmutations | 1 |  1.1
Fire Magic     | 1 |  1.1
Ice Magic      | 1 |  1.1
Air Magic      | 1 |  1.1
Earth Magic    | 1 |  1.1
Poison Magic   | 1 |  1.1
Fighting       | |  2.9
Ranged Weapons | |  4.7
Dodging        | |  4.7
Hexes          | |  5.5

Action                   |  1- 3 |  4- 6 || total
-------------------------+-------+-------++-------
Melee: Spear             |    88 |    68 ||   156
       Bite              |     6 |     6 ||    12
       Punch             |     3 |     2 ||     5
       Staff             |     8 |       ||     8
 Fire: Sling             |    57 |    22 ||    79
 Cast: Slow              |    11 |     3 ||    14
       Necrotise         |     3 |     2 ||     5
 Stab: Distracted        |       |     1 ||     1
       Sleeping          |       |     1 ||     1
Armor: Robe              |     5 |     2 ||     7
Dodge: Dodged            |    86 |    33 ||   119
